 Dungeon Crawl Stone Soup version 0.28.0 (webtiles) character file.

Game seed: 3248861839226659663

0 Sharkman1231 the Insei (level 1, -2/15 HPs)
             Began as a Demonspawn Transmuter on Feb 5, 2022.
             Succumbed to a kobold's poison
             ... on level 1 of the Dungeon.
             The game lasted 00:00:09 (46 turns).

Sharkman1231 the Insei (Demonspawn Transmuter)        Turns: 46, Time: 00:00:10

Health: -2/15      AC:  2    Str: 10    XL:     1   Next: 0%
Magic:  2/3        EV: 12    Int: 14    God:
Gold:   0          SH:  0    Dex: 13    Spells: 3/4 levels left

rFire   . . .      SeeInvis .     - Unarmed
rCold   . . .      Faith    .   (no shield)
rNeg    . . .      Spirit   .   a - +0 robe
rPois   .          Reflect  .   (helmet currently unavailable)
rElec   .          Harm     .   (no cloak)
rCorr   .          Rampage  .   (no gloves)
Will    .....                   (boots currently unavailable)
Stlth   +.........              (no amulet)
HPRegen 0.05/turn               (no ring)
MPRegen 0.08/turn               (no ring)

@: lethally poisoned (-2 -> -18), appendages (expiring)
A: horns 2, talons 2
a: End Transformation


You were on level 1 of the Dungeon.
You had temporarily grown beastly horns and talons.
You visited 1 branch of the dungeon, and saw 1 of its levels.

Inventory:

Armour
 a - a +0 robe (worn)


   Skills:
 + Level 1.0 Fighting
 + Level 1.7 Dodging
 * Level 2.6 Unarmed Combat
 - Level 2.0 Spellcasting
 + Level 1.7 Transmutations


You had 3 spell levels left.
You knew the following spells:

 Your Spells              Type           Power      Damage    Failure   Level
a - Beastly Appendage     Tmut           12%        N/A       12%         1

Your spell library contained the following spells:

 Spells                   Type           Power      Damage    Failure   Level
 Wereblood                Tmut           6%         N/A       17%         2
 Spider Form              Tmut/Pois      3%         N/A       45%         3
 Ice Form                 Ice/Tmut       3%         N/A       86%         4


Dungeon Overview and Level Annotations

Branches:
Dungeon (1/15)

Altars:


Innate Abilities, Weirdness & Mutations

You have temporarily grown beastly horns and talons.


Message History

Found a staircase leading out of the dungeon.
Unknown command.
The komodo dragon hisses angrily.
The wyvern hisses angrily.
You hear a roar!
You hear an angry squeal.
The hog squeals angrily.
The lindwurm roars!
A kobold comes into view. It is wielding a +0 dagger of venom.
A kobold is nearby!
A kobold is nearby!
A hobgoblin comes into view. 2 kobolds come into view.
The hobgoblin shouts!
A frilled lizard comes into view.
Casting: Beastly Appendage (safe; 12% risk of failure)
Confirm with . or Enter, or press ? or * to list all spells.
You grow a pair of large bovine horns.
Your feet morph into talons.
You barely miss the kobold. You claw the kobold.
The kobold is severely wounded.
Your transformation is almost over.
The kobold hits you with a +0 dagger of venom.
You are poisoned.
You hit the kobold but do no damage.
The kobold is severely wounded.
You feel very sick. The kobold closely misses you.
Unknown command.
You hit the kobold but do no damage.
The kobold is severely wounded.
You feel sick.
The kobold hits you with a +0 dagger of venom.
You are more poisoned.
Unknown command.
You closely miss the kobold. Your kick misses the kobold.
The kobold is severely wounded.
* * * LOW HITPOINT WARNING * * *
You feel very sick. The kobold barely misses you.
Unknown command.
You hit the kobold.
You kill the kobold!
You die...

...........# ..
...........# .8.
#######..8.#
....#khBll#....#
.8..#######..8.#
...............#
#.8.......8.###
####.8.8.####
####@### #.##)#
#...g# #K####
#.# #K# #.#
#######g#
l.g.....#


You could see a hobgoblin.

Vanquished Creatures
  A kobold (D:1)
1 creature vanquished.

Notes
Turn   | Place    | Note
-------+----------+-------------------------------------------
     0 | D:1      | Sharkman1231 the Demonspawn Transmuter began the quest for
                  | the Orb.
     0 | D:1      | Reached XP level 1. HP: 15/15 MP: 3/3
     6 | D:1      | Noticed a komodo dragon
     6 | D:1      | Noticed a wyvern
     7 | D:1      | Noticed a lindwurm
     7 | D:1      | Noticed a hog
    46 | D:1      | Succumbed to a kobold's poison

Illustrated notes

Levels and vault maps discovered:
D:1:      onia_arrival_zoo_common, layout_loops_ring,
          ebering_ecumenical_altar_webs, minmay_unequal

Action                   || total
-------------------------++-------
Melee: Unarmed           ||     5
       Kick              ||     1
 Cast: Beastly Appendage ||     1
Dodge: Dodged            ||     2
